cohdb
Replays
Latest Replays
All Replays
Popular Replays
Top Player Replays
Match Explorer
How It Works
Community
CoH3 Stats
Reddit
Sign in to upload your games and track your stats! →
Sign in with Steam
Match 37846587
Unlisted
Match 37846587
Overview
Messages
Build Orders
End
Panzergrenadier Squad
Selects Italian Infantry
Panzergrenadier Squad
250 Light Carrier
Construct Light Support Kompanie
Combat Half-tracks
Fire Support Elements
Flakvierling Half-track
Selects Defensive Operations
Panzerjäger Mechanized Group
Construct Panzerarmee Kommand
Selects Guastatori Squad
Selects L6/40 Light Tank Combat Group
Flak 36 Anti-tank Gun Team
Vehicle Survival Package
Selects Towed Cannone da 105/28 Field Howitzer
MG34 Team
Guastatori Squad
Walking Stuka Rocket Launcher
Flak 36 Anti-tank Gun Team
Boneless
ValiantHawk
STALKER4732
kit.ohume
0
0
Comments
sign in to comment!
No comments posted yet!